 Dungeon Crawl Stone Soup version 0.31-a0-164-g2312942fda (webtiles) character file.

Game seed: 6367078537411508467

184 qw the Shooter (level 5, -3/32 HPs)
             Began as a Gargoyle Hunter on June 13, 2023.
             Slain by a gnoll
             ... wielding a +3 flail
             ... led by a gnoll sergeant
              (7 damage)
             ... on level 3 of the Dungeon.
             The game lasted 00:01:14 (2560 turns).

qw the Shooter (Gargoyle Hunter)                    Turns: 2560, Time: 00:01:15

Health: -3/32      AC: 10    Str: 13 (15) XL:     5   Next: 64%
Magic:  5/5        EV: 10    Int:  8 (9)  God:
Gold:   110        SH:  0    Dex: 15      Spells: 4/4 levels left

rFire   . . .        Y - +0 shortbow
rCold   + . .        (shield currently unavailable)
rNeg    + . .        i - +0 ring mail
rPois   inf          (no helmet)
rElec   +            m - +0 cloak
rCorr   .            (no gloves)
SInv    .            (no boots)
Will    .....        (no amulet)
Stlth   +            d - ring of protection from cold
HPRegen 0.25/turn    (no ring)
MPRegen 0.09/turn

%: no passive effects
@: about to teleport
A: sickness immunity, AC +4, negative energy resistance 1, electricity
resistance, torment resistance 1, petrification resistance
a: no special abilities


You were on level 3 of the Dungeon.
You visited 1 branch of the dungeon, and saw 3 of its levels.
You also visited: Sewer.

You collected 110 gold pieces.


Innate Abilities, Weirdness & Mutations

You are immune to sickness and miasma.
Your stone body is resilient. (AC +4)
You are immune to poison.
You resist negative energy. (rN+)
You are resistant to electric shocks. (rElec)
You are resistant to unholy torment.
You are immune to petrification.


   Skills:
 + Level 3.4 Fighting
 - Level 6.1 Ranged Weapons
 - Level 1.0 Armour
 - Level 1.5 Dodging
 - Level 1.1 Stealth


You had 4 spell levels left.
You didn't know any spells.
Your spell library was empty.

Inventory:

Hand Weapons
 Y - a +0 shortbow (weapon)
Armour
 i - a +0 ring mail (worn)
 m - a +0 cloak (worn)
Jewellery
 d - a ring of protection from cold (left hand)
Potions
 a - a potion of cancellation {unknown}
 b - a potion of attraction {unknown}
 g - a potion of heal wounds {unknown}
 h - a potion of lignification {unknown}
 j - a potion of curing {unknown}
 k - a potion of mutation {unknown}
 l - a potion of might {unknown}

Dungeon Overview and Level Annotations

Branches:
Dungeon (3/15)              Sewer (visited)

Altars:
Xom


Message History

You shoot an arrow.
The arrow hits the orc but does no damage.
The orc is severely wounded.
You shoot an arrow. The arrow hits the orc.
You kill the orc!
A gnoll sergeant, 2 gnolls and a quokka come into view.
The gnoll sergeant is wielding a +3 trident of holy wrath.
The gnoll sergeant shouts!
The gnoll shouts!
You hear a shout!
The gnoll sergeant throws a stone.
The stone barely misses you.
The gnoll moves out of view.
The quokka moves out of view.
The gnoll shouts!
Enter note:
Enter note:
Enter note:
Enter note: You shoot an arrow.
The arrow hits the gnoll sergeant.
The gnoll sergeant is lightly wounded.
You shoot an arrow. The arrow hits the gnoll.
The gnoll is moderately wounded.
The gnoll hits you but does no damage.
You shoot an arrow. The arrow hits the gnoll.
The gnoll is severely wounded.
The gnoll misses you.
You shoot an arrow. The arrow hits the gnoll!
You kill the gnoll!
An orc priest comes into view. It is wielding a +0 war axe.
You shoot an arrow.
The arrow hits the gnoll but does no damage.
The gnoll hits you with a +3 flail.
The gnoll sergeant hits you from afar with a +3 trident of holy wrath!
The gnoll closely misses you.
The gnoll sergeant hits you from afar with a +3 trident of holy wrath.
The orc priest calls down the wrath of Beogh upon you.
Beogh smites you!
2560 ||| READING scroll of teleportation.
As you read the scroll of teleportation, it crumbles to dust.
You feel strangely unstable.
The orc priest begins to cast a cantrip, but forgets the words!
The gnoll hits you with a +3 flail!
You die...

#..(....#
+.......# #.
#.......## .
..#......####.#
.
#.##........####
#. #.#.#####...
# #.#<....#.##
##.##...)...#
...........@.#
###.###)####g#
#. #... g[.
#...## o#.#
#..#) ..... #..
. .# ### #.. .
.# #.. .#


You could see a gnoll sergeant, an orc priest and a gnoll.

Vanquished Creatures
  A hell rat (Sewer)
  2 gnolls (D:3)
  2 adders
  2 river rats (Sewer)
  4 worms
  A dart slug (D:1)
  3 orcs
  5 endoplasms
  4 giant cockroaches
  4 goblins
  7 hobgoblins
  7 jackals
  5 quokkas
  7 ball pythons
  13 bats
  A frilled lizard (D:2)
  10 kobolds
  9 rats
87 creatures vanquished.

Notes
Turn   | Place    | Note
-------+----------+-------------------------------------------
     0 | D:1      | qw the Gargoyle Hunter began the quest for the Orb.
     0 | D:1      | Reached XP level 1. HP: 12/12 MP: 1/1
     0 | D:1      | 0 ||| qw: Version: 0.2-a-29-gc1b59c4
     0 | D:1      | 0 ||| qw: Game counter: 4473
     0 | D:1      | 0 ||| qw: Always use a shield: true
     0 | D:1      | 0 ||| qw: God list: Okawaru
     0 | D:1      | 0 ||| qw: Allow faded altars: false
     0 | D:1      | 0 ||| qw: Do Orc after D:15 true
     0 | D:1      | 0 ||| qw: Do second Lair branch before Depths: true
     0 | D:1      | 0 ||| qw: Lair rune preference: random
     0 | D:1      | 0 ||| qw: Plans: Normal, Zot:1-4, Slime:5, God:TSO, Crypt,
                  | Tomb, Abyss, Pan, Hells, Win
     0 | D:1      | 0 ||| PLANNING D:1-11
    98 | D:1      | Reached XP level 2. HP: 17/17 MP: 2/2
   416 | D:1      | Reached XP level 3. HP: 21/21 MP: 3/3
   567 | D:1      | Reached skill level 5 in Ranged Weapons
   652 | D:1      | 652 ||| UPGRADING to ring of protection from cold.
   653 | D:1      | 653 ||| DROPPING ring of magical power.
   654 | D:1      | 654 ||| READING scroll labelled GINIRI METWU.
   655 | D:1      | 655 ||| DROPPING scroll of butterflies.
   941 | D:2      | Found a shimmering altar of Xom.
  1110 | D:2      | Reached skill level 3 in Fighting
  1200 | D:2      | Reached XP level 4. HP: 25/28 MP: 4/4
  1648 | D:2      | Found a faded altar of an unknown god.
  1889 | D:2      | 1889 ||| UPGRADING to +0 ring mail.
  1899 | D:2      | 1899 ||| DROPPING +0 leather armour.
  1900 | D:2      | 1900 ||| UPGRADING to +0 cloak.
  1905 | D:2      | 1905 ||| READING scroll labelled NAN WAROSAQ.
  1906 | D:2      | 1906 ||| READING scroll labelled MILOEPPOKEC.
  1907 | D:2      | 1907 ||| READING 3 scrolls labelled KARE XIPLY.
  2008 | D:2      | 2008 ||| DRINKING 2 white potions.
  2009 | D:2      | 2009 ||| DROPPING potion of degeneration.
  2010 | D:2      | 2010 ||| DROPPING 2 scrolls of silence.
  2018 | D:3      | 2018 ||| PLANNING SEWER
  2075 | D:3      | Reached skill level 1 in Armour
  2135 | D:3      | Found a glowing drain.
  2136 | D:3      | 2136 ||| READING 2 scrolls labelled MUHOREOSAU.
  2137 | D:3      | 2137 ||| READING scroll labelled QUSKAK JUAJIU.
  2138 | D:3      | 2138 ||| DROPPING scroll of vulnerability.
  2146 | D:3      | 2146 ||| Stepping ~*~*~tactically~*~*~ (water).
  2158 | Sewer    | Entered a sewer
  2170 | Sewer    | Reached XP level 5. HP: 32/32 MP: 5/5
  2185 | Sewer    | 2185 ||| Stepping ~*~*~tactically~*~*~ (water).
  2248 | Sewer    | HP: 1/32 [hell rat (9)]
  2250 | Sewer    | Reached skill level 6 in Ranged Weapons
  2402 | Sewer    | 2402 ||| READING scroll labelled KEHUHY PATIALL.
  2403 | Sewer    | 2403 ||| READING 2 scrolls labelled HITIDY WI CAO.
  2407 | Sewer    | 2407 ||| READING scroll labelled MOUWUZ DEBLA.
  2421 | D:3      | 2421 ||| PLANNING D:1-11
  2559 | D:3      | HP: 3/32 [orc priest/divine providence (15)]
  2560 | D:3      | 2560 ||| READING scroll of teleportation.
  2560 | D:3      | Slain by a gnoll

Levels and vault maps discovered:
D:1:      tarquinn_simple_flora_water_e, layout_loops_ring
D:2:      minmay_razor_zed, layout_basic, basic_altar,
          shapermc_ecumenical_altar_petra, minmay_misc_feat_encased,
          serial_bayou_pond_e, kennysheep_cross_bottleneck,
          minmay_misc_feat_cross, st_stairs_14, chequers_decorated_corner
D:3:      layout_basic, serial_shops, nicolae_diamond_shop,
          cheibrodos_sewer_entry_sluice, st_stairs_7

Skill      XL: |  1  2  3  4  5 |
---------------+----------------+-----
Ranged Weapons | 5 6 |  6.1
Fighting       | 3 |  3.4
Armour         | 1 |  1.0
Dodging        | |  1.5
Stealth        | |  1.1

Action                     |  1- 3 |  4- 6 || total
---------------------------+-------+-------++-------
   Fire: Shortbow          |   145 |   182 ||   327
    Use: Scroll            |     1 |     9 ||    10
         Potion            |       |     1 ||     1
 Armour: Leather armour    |    26 |    18 ||    44
         Ring mail         |       |    23 ||    23
  Dodge: Dodged            |    47 |    74 ||   121

Table legend:
 A = Non-vault XP
 B = Vault XP
 C = Vault XP percentage of total XP
 D = Non-vault monster count
 E = Vault monster count
 F = Vault count percentage of total count
                 A         B        C        D         E       F
            +---------+---------+-------+---------+---------+-------
      Total |     146 |     118 |  44.7 |      55 |      32 |  36.8
            +---------+---------+-------+---------+---------+-------
        D:1 |      39 |       0 |   0.0 |      22 |       0 |   0.0
        D:2 |      55 |      39 |  41.5 |      25 |      17 |  40.5
        D:3 |      52 |      13 |  20.0 |       8 |       6 |  42.9
      Sewer |       0 |      66 | 100.0 |       0 |       9 | 100.0
            +---------+---------+-------+---------+---------+-------
